AoeStats
← Lord_Wilfredo

Arena

509446540Analyzed
4v4 RM · 6d ago on Sep 26, 2026· 59m 16s· 8 players
Game mode
Random Map
Map size
Large (8 player)
Population
200
Speed
Normal
Resources
Standard
Victory
Conquest
Starting age
Dark Age
Ending age
Imperial Age
RankedLock teamsTeams togetherTeam positionsShared explorationLock speedFull tech treeHidden civsTurbo modeCheats
Victory
Defeat
🇩🇴 Saxons · Dominican Republic
1429
+14
🇨🇳 Britons · China
1420
+15
🇦🇷 Spanish · Argentina
1369
+17
🇨🇦 Gurjaras · Canada
1317
+19
🇨🇳 Saracens · China
1540
-23
🇫🇮 Bengalis · Finland
1381
-16
🇬🇧 Saxons · United Kingdom
1367
-15
🇨🇳 Koreans · China
1252
-11
给你一棒槌
10:04 Feudal Age
13:42 Castle Age
11:53 Double-Bit Axe
12:09 Horse Collar
21:44 Wheelbarrow
23:02 Bow Saw
23:12 Heavy Plow
24:38 Hand Cart
24:55 Gold Mining
24:55 Stone Mining
25:43 Loom
25:43 Town Watch
28:48 Imperial Age
27:16 Scale Barding Armor
27:47 Scale Mail Armor
28:00 Forging
28:35 Chain Barding Armor
29:52 Conscription
29:34 Husbandry
29:44 Bloodlines
30:15 Iron Casting
30:15 Plate Barding Armor
29:26 Elite Mameluke
31:42 Two-Man Saw
32:19 Blast Furnace
32:29 Chemistry
33:05 Capped Ram
33:58 Siege Ram
35:09 Siege Engineers
38:44 Fortified Wall
39:46 Onager
41:18 Counterweights
42:14 Hoardings
41:50 Masonry
43:20 Hoardings
42:19 Siege Onager
53:54 Light Cavalry
57:13 Fletching
Flash
9:51 Feudal Age
14:24 Castle Age
12:37 Double-Bit Axe
14:27 Light Cavalry
17:54 Bow Saw
27:27 Scale Barding Armor
29:07 Husbandry
29:22 Bloodlines
30:26 Chain Barding Armor
30:56 Loom
32:07 Wheelbarrow
31:44 Devotion
34:34 Imperial Age
32:57 Forging
34:35 Gold Mining
34:35 Stone Mining
34:27 Horse Collar
34:35 Elite Battle Elephant
36:33 Plate Barding Armor
41:35 Heavy Plow
42:35 Paiks
45:09 Iron Casting
44:07 Elite Skirmisher
44:38 Fletching
45:50 Chemistry
45:57 Conscription
46:02 Padded Archer Armor
46:44 Bodkin Arrow
47:39 Ballistics
49:38 Bracer
49:50 Masonry
50:37 Leather Archer Armor
50:59 Elite Elephant Archer
52:11 Ring Archer Armor
Oliver
9:21 Feudal Age
14:29 Castle Age
13:53 Double-Bit Axe
14:29 Horse Collar
18:28 Loom
21:24 Fletching
30:43 Bodkin Arrow
34:40 Scale Mail Armor
37:13 Bow Saw
41:15 Chain Mail Armor
41:11 Forging
41:48 Arson
42:05 Squires
43:54 Iron Casting
48:16 Imperial Age
46:22 Wheelbarrow
47:59 Heavy Plow
48:17 Capped Ram
49:31 Plate Mail Armor
49:36 Elite Hearth Troop
49:41 Siege Ram
51:06 Conscription
53:04 Padded Archer Armor
54:26 Pikeman
54:39 Pikeman
55:14 Shield Wall
57:43 Halberdier
苏苏
10:11 Feudal Age
15:10 Castle Age
17:31 Double-Bit Axe
18:08 Loom
20:41 Horse Collar
23:19 Wheelbarrow
24:31 Heavy Plow
24:23 Gold Mining
26:04 Gold Shaft Mining
29:42 Imperial Age
27:17 Stone Mining
27:58 Town Watch
29:09 Stone Shaft Mining
29:16 Fletching
29:37 Forging
29:27 Scale Mail Armor
29:13 Treadmill Crane
29:56 Masonry
30:11 Hand Cart
29:42 Loom
29:58 Town Patrol
29:59 Pikeman
30:39 Squires
30:24 Arson
30:03 Elite Skirmisher
31:15 Conscription
30:39 Halberdier
32:29 Bow Saw
32:58 Chain Mail Armor
33:20 Iron Casting
35:09 Plate Mail Armor
35:50 Bodkin Arrow
37:17 Bracer
40:38 Murder Holes
41:04 Ballistics
41:44 Chemistry
40:50 Siege Engineers
41:16 Architecture
43:18 Man-at-Arms
43:57 Long Swordsman
44:33 Two-Handed Swordsman
45:12 Champion
50:53 Arson
pppni
10:45 Feudal Age
14:53 Castle Age
13:13 Double-Bit Axe
13:21 Gold Mining
14:31 Horse Collar
16:00 Bow Saw
16:28 Gold Shaft Mining
16:06 Loom
28:40 Redemption
31:50 Wheelbarrow
35:20 Sanctity
38:12 Imperial Age
37:33 Hand Cart
38:33 Siege Elephant
39:43 Heavy Camel Rider
40:35 Bloodlines
40:32 Scale Barding Armor
40:37 Forging
42:24 Chemistry
42:02 Chain Barding Armor
41:54 Stone Mining
41:51 Elite Elephant Archer
43:20 Iron Casting
43:11 Town Watch
44:06 Plate Barding Armor
44:07 Husbandry
45:42 Stone Shaft Mining
45:56 Heavy Plow
45:51 Fletching
46:02 Padded Archer Armor
46:28 Town Patrol
47:06 Coinage
47:36 Elite Shrivamsha Rider
51:46 Conscription
52:15 Kshatriyas
52:47 Treadmill Crane
53:28 Ballistics
53:07 Bodkin Arrow
53:27 Leather Archer Armor
55:14 Frontier Guards
58:11 Hoardings
59:58 Thumb Ring
choketene
10:29 Feudal Age
14:13 Castle Age
12:30 Double-Bit Axe
12:25 Horse Collar
15:23 Bow Saw
17:03 Heavy Plow
17:44 Loom
22:47 Wheelbarrow
21:57 Town Watch
23:42 Hand Cart
25:55 Gold Mining
25:56 Stone Mining
28:54 Imperial Age
27:02 Scale Mail Armor
27:12 Forging
27:17 Man-at-Arms
27:20 Pikeman
28:02 Squires
27:50 Gambesons
27:52 Arson
28:23 Chain Mail Armor
29:15 Iron Casting
29:07 Capped Ram
30:30 Plate Mail Armor
30:43 Conscription
29:50 Halberdier
30:47 Siege Ram
31:47 Fletching
32:38 Gold Shaft Mining
32:10 Elite Varangian Guard
33:09 Padded Archer Armor
33:15 Scale Barding Armor
34:33 Bodkin Arrow
35:01 Ballistics
34:22 Treadmill Crane
35:51 Chemistry
36:08 Two-Man Saw
35:43 Crop Rotation
36:20 Hoardings
36:50 Masonry
36:37 Murder Holes
37:22 Bracer
37:39 Arrowslits
39:53 Leather Archer Armor
40:11 Architecture
39:47 Siege Engineers
41:25 Guilds
41:18 Caravan
42:29 Onager
42:48 Heavy Scorpion
44:40 Coinage
45:58 Banking
45:21 Man-at-Arms
46:31 Long Swordsman
47:09 Guard Tower
47:30 Fortified Wall
48:12 Ring Archer Armor
48:03 Chain Barding Armor
49:05 Block Printing
49:16 Illumination
48:37 Two-Handed Swordsman
49:14 Champion
50:30 Sanctity
50:44 Redemption
51:47 Theocracy
51:14 Devotion
51:00 Clerical Recruitment
51:12 Sappers
55:54 Cranequins
55:55 Heavy Mounted Crossbowman
56:40 Thumb Ring
MonkHater
9:37 Feudal Age
10:33 Double-Bit Axe
17:25 Castle Age
17:14 Fletching
17:25 Padded Archer Armor
17:30 Gold Mining
17:27 Crossbowman
18:07 Bodkin Arrow
23:53 Ballistics
24:37 Bow Saw
29:42 Scale Mail Armor
29:53 Forging
31:03 Squires
30:51 Pikeman
34:57 Chain Mail Armor
35:43 Wheelbarrow
34:54 Loom
41:40 Imperial Age
39:50 Horse Collar
42:26 Bracer
41:48 Arbalester
44:21 Chemistry
42:45 Halberdier
43:58 Leather Archer Armor
46:42 Ring Archer Armor
46:33 Arson
48:16 Plate Mail Armor
50:12 Town Watch
54:14 Gold Shaft Mining
53:30 Stone Mining
56:10 Yeomen
56:11 Conscription
58:43 Hand Cart
Lord_Wilfredo
11:04 Feudal Age
11:52 Loom
14:40 Castle Age
12:34 Double-Bit Axe
13:15 Horse Collar
15:41 Bow Saw
16:41 Heavy Plow
22:58 Wheelbarrow
22:51 Stone Mining
27:50 Imperial Age
25:33 Padded Archer Armor
25:23 Fletching
25:57 Ballistics
26:06 Hand Cart
26:31 Leather Archer Armor
26:16 Elite Skirmisher
27:35 Husbandry
27:45 Bloodlines
27:59 Scale Barding Armor
27:50 Bodkin Arrow
28:05 Forging
28:01 Town Watch
28:01 Cavalier
30:10 Chemistry
30:04 Conscription
31:12 Bombard Tower
32:32 Chain Barding Armor
32:13 Bracer
32:44 Ring Archer Armor
32:24 Forging
34:44 Plate Barding Armor
34:20 Forging
35:56 Thumb Ring
37:03 Two-Man Saw
35:31 Paladin
37:37 Gold Mining
38:22 Stone Shaft Mining
40:42 Iron Casting
43:38 Masonry
45:00 Capped Ram
46:15 Siege Ram
55:24 Scale Mail Armor
56:25 Blast Furnace
55:29 Squires
54:49 Pikeman
55:15 Gambesons
55:15 Arson
55:59 Halberdier
59:00 Chain Mail Armor
Connection lost

Rejoining the realm…

Still unreachable

The connection could not be restored.

Session expired

The server has moved on; the page needs a fresh start.